Map: Odyssey LE

Players

SChit - Winner!

  • Race: Zerg Zerg
  • League: Diamond
  • Spawn Location: 11:00

MacroPolo

  • Race: Terran Terran
  • Spawn Location: 5:00

VOD

Have the link to the VOD?

Description

Time

  • Played on: Jan. 1, 2018, 4:18 a.m.
  • Length: 14:04
Show
View Real Time Build Order
Export as new Build Order

SChit Zerg - Winner!

Build Orders: Hatch First 

Get SALT Encoding   

  12  0:24  Overlord  
  12  0:25  Drone x2  
  14  0:46  Hatchery  
  14  0:49  Drone  
  14  0:53  Drone  
  15  1:01  Drone  
  16  1:08  Drone, Extractor  
  16  1:19  Spawning Pool  
  15  1:30  Drone x2  
  17  1:40  Drone  
  18  1:51  Drone  
  19  2:06  Queen x2  
  23  2:09  Metabolic Boost  
  23  2:14  Drone x2  
  25  2:16  Drone  
  25  2:20  Zergling x2  
  27  2:24  Zergling x2  
  28  2:33  Overlord  
  28  2:52  Spine Crawler  
  28  2:55  Spine Crawler  
  26  3:01  Spine Crawler  
  25  3:05  Spine Crawler  
  24  3:14  Zergling x6  
  24  3:15  Zergling x4, Roach Warren  
  28  3:29  Zergling x8  
  28  3:30  Zergling x2  
  33  3:39  Zergling x4  
  32  3:45  Zergling x4  
  32  3:55  Zergling x4  
  34  4:03  Drone x2  
  33  4:36  Drone  
  33  4:37  Drone, Overlord x2  
  35  4:55  Queen  
  38  5:07  Drone x7  
  44  5:19  Drone x2  
  46  5:27  Hatchery  
  45  5:31  Queen  
  47  5:38  Roach x2, Drone  
  47  5:40  Overlord x2  
  52  5:59  Drone  
  52  6:00  Drone x7  
  60  6:05  Overlord  
  60  6:06  Overlord  
  60  6:16  Overlord  
  60  6:19  Extractor  
  60  6:23  Drone x7  
  60  6:24  Extractor  
  60  6:25  Extractor  
  64  6:48  Spore Crawler x2  
  64  6:50  Spore Crawler  
  61  6:55  Drone x5  
  61  6:56  Drone x4  
  61  6:58  Spine Crawler  
  61  6:59  Spine Crawler  
  61  7:00  Lair  
  61  7:01  Pneumatized Carapace  
  68  7:05  Evolution Chamber  
  66  7:25  Drone  
  66  7:26  Drone x9  
  75  7:34  Drone  
  76  7:38  Extractor  
  76  7:41  Extractor  
  74  7:47  Baneling Nest  
  73  8:02  Roach x4  
  70  8:23  Drone x9  
  70  8:24  Drone  
  80  8:27  Zerg Melee Weapons Level 1  
  80  8:35  Hydralisk Den  
  79  8:42  Roach x5  
  79  8:46  Overlord  
  79  8:47  Overlord x4  
  87  8:55  Drone  
  88  9:11  Muscular Augments, Centrifical Hooks  
  88  9:13  Drone x6  
  94  9:34  Hydralisk x4  
  94  9:35  Hydralisk  
  104  9:43  Zergling x2  
  104  9:44  Zergling x10  
  109  9:53  Zergling x2  
  109  9:54  Zergling x2  
  111  10:02  Zergling x4  
  113  10:08  Zergling x12  
  113  10:13  Baneling x3  
  113  10:14  Baneling x5  
  114  10:19  Queen x2  
  118  10:22  Zerg Ground Armor Level 1  
  118  10:31  Zergling x14  
  118  10:32  Zergling x10  
  118  10:33  Overlord x4  
  118  10:34  Hatchery  
  129  10:49  Queen, Spine Crawler  
  130  10:53  Hydralisk x6  
  142  10:58  Hatchery  
  142  11:02  Zergling x6  
  144  11:06  Zergling x8  
  144  11:09  Baneling x12  
  144  11:10  Baneling  
  144  11:11  Baneling x4  
  148  11:12  Zergling x6  
  151  11:24  Zergling x4  
  151  11:25  Zergling x10  
  158  11:28  Zergling x2  
  159  11:44  Zergling x16  
  159  11:45  Zergling x6  
  159  11:46  Zergling x2  
  140  11:55  Zergling x6  
  140  11:57  Hydralisk x2  
  140  11:59  Queen  
  149  12:19  Queen  
  149  12:20  Zergling x2  
  149  12:21  Zergling x30  
  167  12:30  Zergling x2  
  167  12:31  Zergling x4  
  167  12:33  Evolution Chamber  
  167  12:34  Overlord x4  
  167  12:35  Overlord  
  163  12:52  Zergling x24  
  173  12:59  Zergling x2  
  173  13:00  Zergling x2  
  173  13:05  Hydralisk, Zergling x2  
  172  13:06  Hydralisk x4  
  163  13:23  Zergling x2  
  163  13:24  Zergling x22  
  163  13:25  Baneling x8  
  163  13:26  Baneling x7  
  169  13:28  Zergling x2  
Show
View Real Time Build Order
Export as new Build Order

MacroPolo Terran 

Build Orders:  

Get SALT Encoding   

  12  0:00  SCV  
  13  0:13  SCV  
  14  0:19  Supply Depot  
  14  0:25  SCV  
  15  0:41  SCV  
  16  0:43  Barracks  
  16  0:57  Barracks  
  16  1:05  SCV  
  17  1:13  Barracks  
  17  1:21  SCV  
  18  1:30  Marine  
  19  1:36  Orbital Command  
  19  1:47  Supply Depot  
  19  1:49  Marine x2  
  21  2:02  Marine  
  21  2:04  SCV  
  23  2:09  Marine  
  23  2:10  Marine  
  25  2:24  Bunker  
  25  2:30  Marine x2  
  27  2:37  Command Center  
  27  2:41  SCV  
  28  2:44  Marine  
  28  2:48  Marine  
  30  2:55  Marine  
  31  3:01  Bunker  
  31  3:14  Supply Depot  
  31  3:32  Marine  
  31  3:35  Marine x2  
  31  3:36  SCV  
  27  3:50  Marine  
  27  3:53  Marine x2  
  30  4:03  Engineering Bay  
  30  4:06  Bunker  
  30  4:08  Marine  
  30  4:09  Bunker  
  30  4:11  Marine x2  
  30  4:12  SCV  
  31  4:17  Orbital Command  
  28  4:24  SCV  
  28  4:26  Marine  
  27  4:47  SCV x2  
  27  4:48  Marine  
  30  4:52  Bunker  
  30  4:59  SCV x2, Supply Depot  
  31  5:06  Marine  
  32  5:09  Supply Depot  
  32  5:11  SCV x2  
  32  5:12  Barracks  
  34  5:23  SCV x2  
  34  5:24  Marine  
  38  5:35  SCV x2  
  38  5:41  Marine, Barracks  
  40  5:47  SCV  
  41  5:51  Barracks  
  41  5:55  Command Center  
  41  5:57  Engineering Bay  
  41  5:59  Marine  
  41  6:02  Marine, Supply Depot  
  41  6:03  SCV x2  
  45  6:04  Supply Depot  
  45  6:08  Supply Depot  
  45  6:15  SCV x2  
  45  6:17  Marine  
  48  6:20  Marine  
  48  6:21  Marine  
  48  6:22  Marine  
  51  6:27  Supply Depot  
  51  6:35  Marine  
  51  6:38  Marine  
  51  6:39  Marine x2  
  54  6:43  Marine  
  54  6:45  SCV x2  
  58  6:53  Marine  
  58  6:54  Barracks x2  
  59  6:55  Marine  
  59  6:57  Marine x2  
  59  6:59  Barracks  
  59  7:00  Command Center  
  62  7:01  Marine  
  62  7:06  Marine  
  62  7:07  SCV x2  
  66  7:11  Marine  
  66  7:13  Marine  
  66  7:15  Marine x2  
  69  7:19  Marine  
  69  7:24  Marine  
  69  7:26  Bunker  
  69  7:28  Marine  
  69  7:29  Orbital Command  
  62  7:30  SCV  
  62  7:31  SCV, Marine  
  62  7:33  Marine x2  
  62  7:37  Marine  
  67  7:41  Marine  
  67  7:43  SCV x2  
  71  7:45  Marine  
  71  7:46  Marine x3  
  71  7:49  Marine  
  71  7:50  Marine  
  71  7:51  Marine  
  78  7:54  Marine  
  78  7:57  SCV x2  
  78  7:58  SCV  
  80  7:59  Marine  
  80  8:03  Marine x2  
  80  8:04  Marine x2  
  82  8:07  Marine  
  82  8:08  Marine  
  82  8:09  SCV, Marine  
  82  8:10  SCV x2  
  82  8:12  Marine  
  83  8:17  Marine  
  77  8:21  Marine x3  
  77  8:22  Marine  
  77  8:24  Marine, Supply Depot  
  77  8:26  SCV x3, Marine x2  
  87  8:30  Marine  
  88  8:34  Orbital Command  
  88  8:35  Marine  
  88  8:38  SCV x3  
  88  8:39  Marine x3  
  88  8:40  Marine  
  94  8:42  Marine  
  94  8:44  Marine x2  
  94  8:47  Supply Depot  
  94  8:48  Marine  
  92  8:53  Marine  
  88  8:57  Marine x4  
  88  9:00  Marine  
  88  9:01  Barracks  
  88  9:02  Marine x2, Barracks  
  91  9:06  Marine  
  91  9:07  SCV x4  
  96  9:10  Marine  
  96  9:14  Barracks  
  96  9:15  Barracks, Marine x4  
  101  9:18  Marine  
  101  9:20  Marine x2  
  101  9:23  Command Center  
  101  9:24  Marine  
  99  9:28  Marine  
  97  9:32  Marine x2  
  97  9:33  Marine x2  
  97  9:36  Marine  
  97  9:37  Marine  
  97  9:38  Marine  
  103  9:39  Supply Depot  
  103  9:40  Supply Depot  
  103  9:41  Marine  
  103  9:45  Supply Depot  
  97  9:46  Marine  
  97  9:50  Marine x3  
  97  9:51  Marine  
  102  9:53  Marine  
  102  9:55  Marine x2  
  102  9:56  Marine x2  
  102  9:57  Command Center  
  102  9:59  Marine  
  106  10:04  Marine  
  102  10:08  Marine x4  
  102  10:09  Marine x2  
  102  10:11  Marine  
  102  10:13  Marine x2  
  104  10:14  Marine x2  
  104  10:17  Marine  
  104  10:22  Marine  
  104  10:26  Marine x6  
  111  10:29  Marine  
  111  10:31  Marine x2  
  111  10:32  Marine x2  
  111  10:34  Supply Depot  
  111  10:35  Marine  
  117  10:37  Supply Depot  
  117  10:40  Marine  
  117  10:41  Barracks x2  
  118  10:44  Barracks, Marine x6  
  118  10:47  Orbital Command, Marine  
  118  10:49  Marine x2  
  127  10:50  Marine x2  
  127  10:55  Marine  
  130  10:57  Marine  
  130  11:01  Marine  
  130  11:02  Marine x5  
  137  11:11  Supply Depot  
  137  11:13  Marine x4  
  137  11:14  Marine x2  
  137  11:15  Marine  
  144  11:19  Marine x3  
  144  11:20  Marine x3  
  144  11:24  Barracks  
  150  11:27  Marine x2, Barracks  
  150  11:31  Marine x6  
  158  11:33  Marine  
  158  11:34  Supply Depot  
  158  11:37  Marine x4  
  158  11:38  Marine x2  
  158  11:39  Missile Turret  
  165  11:45  Marine x2  
  162  11:51  Marine x8  
  123  11:55  Marine x5  
  123  11:56  Marine  
  129  12:03  Missile Turret, Marine x2  
  131  12:09  Marine x8  
  131  12:13  Marine x6  
  144  12:15  Barracks x2  
  144  12:20  Marine  
  144  12:21  Marine  
  146  12:26  Marine  
  146  12:27  Marine x7  
  146  12:28  Missile Turret, Supply Depot x2  
  154  12:30  Marine  
  154  12:31  Marine x4  
  154  12:33  Missile Turret  
  159  12:37  Marine  
  159  12:38  Marine  
  159  12:39  Marine  
  162  12:44  Marine  
  162  12:45  Marine x7  
  162  12:47  Orbital Command  
  162  12:48  Marine x2  
  162  12:50  Missile Turret, Barracks  
  156  12:53  Barracks  
  156  12:57  Marine x3  
  156  12:58  Marine x3  
  159  13:02  Marine x3  
  159  13:03  Marine x2  
  153  13:11  Missile Turret  
  151  13:17  Marine x11  
  135  13:20  Marine x5  
  107  13:30  Marine  
  107  13:31  Marine x3  
  111  13:34  Marine  
  111  13:35  Missile Turret, Marine x10  
  111  13:38  Marine x5  
  127  13:43  Marine x2  
  127  13:47  Barracks  
  127  13:48  Barracks  
Tags
 
League
Diamond
Matchup
TvZ
Spawn Locations
Cross Positions
Add a new tag
Caveats
  • Supply blocks, unpowered buildings, or Contaminate may cause inaccurate times.
  • Supply counts are checked every 10 seconds.